 Dungeon Crawl Stone Soup version 0.21-a0-260-g9b2435e (webtiles) character file.

32 tidbits the Insei (level 2, -3/22 HPs)
             Began as a Demigod Transmuter on Sept 7, 2017.
             Slain by a bullfrog (8 damage)
             ... on level 3 of the Dungeon.
             The game lasted 00:04:21 (532 turns).

tidbits the Insei (Demigod Transmuter)               Turns: 532, Time: 00:04:22

Health: -3/22      AC:  3    Str: 13    XL:     2   Next: 96%
Magic:  5/7        EV: 12    Int: 17    God:
Gold:   68         SH:  0    Dex: 16    Spells: 2/5 levels left

rFire    + . .     SeeInvis .     - Unarmed
rCold    + . .     Gourm    .   (no shield)
rNeg     . . .     Faith    .   b - +0 robe
rPois    +         Spirit   .   E - +0 helmet
rElec    +         Reflect  .   (no cloak)
rCorr    +         Harm     .   (no gloves)
MR       .....                  (no boots)
Stlth    ++........             (no amulet)
HPRegen  0.07/turn              (no ring)
MPRegen  0.10/turn              (no ring)

@: resistant
A: high mp 1
a: no special abilities


You were on level 3 of the Dungeon.
You were not hungry.

You visited 1 branch of the dungeon, and saw 4 of its levels.

You collected 68 gold pieces.

Inventory:

Missiles
 a - 7 arrows
 e - 4 tomahawks (quivered)
Armour
 b - a +0 robe (worn)
 E - a +0 helmet (worn)
Scrolls
 f - 2 scrolls of remove curse {unknown}
 h - a scroll of blinking {unknown}
 i - 2 scrolls of magic mapping {unknown}
Books
 c - a book of Changes

   Spells                             Type                      Level
   a - Beastly Appendage              Transmutation                1
   b - Sticks to Snakes               Transmutation                2
   c - Spider Form                    Transmutation/Poison         3
   d - Ice Form                       Ice/Transmutation            4
   e - Blade Hands                    Transmutation                5
Comestibles
 d - a bread ration
 j - 2 chunks of flesh


   Skills:
 - Level 0.8 Fighting
 - Level 1.7 Dodging
 - Level 2.2 Stealth
 * Level 2.9 Unarmed Combat
 - Level 2.0 Spellcasting
 + Level 1.7 Transmutations


You had 2 spell levels left.
You knew the following spells:

 Your Spells              Type           Power        Failure   Level  Hunger
e - Beastly Appendage     Tmut           #.....       10%         1    #......
k - Sticks to Snakes      Tmut           #.......     14%         2    ###....


Dungeon Overview and Level Annotations

Branches:
Dungeon (4/15)
 Temple: D:4-7


Innate Abilities, Weirdness & Mutations

You have an increased reservoir of magic. (+10% MP)


Message History

You claw the hobgoblin, but do no damage.
Your ball python bites the hobgoblin.
Your ball python misses the hobgoblin.
The hobgoblin barely misses you.
Your ball python bites the hobgoblin.
Your ball python barely misses the hobgoblin.
You barely miss the hobgoblin. Your kick misses the hobgoblin.
The hobgoblin is heavily wounded.
Your ball python completely misses the hobgoblin.
Your ball python grabs the hobgoblin.
Your ball python constricts the hobgoblin.
The hobgoblin hits you but does no damage.
You hit the hobgoblin.
You kill the hobgoblin!
A bat comes into view.
Your transformation is almost over.
The bat hits you but does no damage.
You see here a club.
Found a club.
The bat closely misses you.
You closely miss the bat. You claw the bat.
You kill the bat!
You open the door.
A bat comes into view.
The bat hits you.
Your ball python closely misses the bat.
Your ball python completely misses the bat.
You hit the bat.
The bat is severely wounded.
The bat misses you. The bat hits your ball python.
Your talons disappear.
The bat barely misses your ball python. x2
Your ball python closely misses the bat.
Your ball python grabs the bat.
Your ball python constricts the bat.
The bat dies!
You see here a club.
You open the door.
A kobold comes into view. It is wielding a dagger.
Found a stone staircase leading down.
There is an open door here.
Casting: Sticks to Snakes
Confirm with . or Enter, or press ? or * to list all spells.
Your feet morph into talons.
Unknown command.
The kobold hits you with a dagger.
You hit the kobold.
You kill the kobold!
Your ball python withers and dies!
Things that are here:
a dagger; a kobold corpse Your transformation is almost over.
You open the door.
There is an open door here.
There is a stone staircase leading down here.
You climb downwards.
Your talons disappear.
Found a ring mail.
There is a stone staircase leading up here.
Found a stone staircase leading up.
There is a stone staircase leading up here.
You climb upwards.
There is a stone staircase leading down here.
There is a stone staircase leading down here.
You climb downwards.
There is a stone staircase leading up here.
Found 12 gold pieces.
You now have 68 gold pieces (gained 12).
Found a stone staircase leading down.
There is a stone staircase leading down here.
You climb downwards.
Found a stone staircase leading down.
There is a stone staircase leading up here.
There is a stone staircase leading down here.
You climb downwards.
Found a scroll labeled XOXZY WIORILO.
There is a stone staircase leading up here.
Found a scroll labeled KECOTI NUCHAA.
A worker ant comes into view.
Found 4 fruits.
A bullfrog and an orc come into view.
The bullfrog croaks.
The worker ant twitches its antennae in your direction.
The orc shouts!
You hear a shout! x2
The bullfrog hits you. x2
An orc comes into view.
The worker ant bites you but does no damage.
The bullfrog closely misses you.
There is a stone staircase leading up here.
The bullfrog hits you.
* * * LOW HITPOINT WARNING * * *
The bullfrog hits you.
* * * LOW HITPOINT WARNING * * *
You climb upwards.
There is a stone staircase leading down here.
Casting: Beastly Appendage
Confirm with . or Enter, or press ? or * to list all spells.
You create a snake!
You now have 7 arrows.
The bullfrog hits you but does no damage.
It was a potion of resistance.
You feel protected. The bullfrog hits you!
You die...

... #.. #.#
#.# ##.##
######...##
#..<...#..#
#.####..@.#
# ##.#F#
#.#S# #.#.#
..#.# ###.#
.# .#


You could see a bullfrog and a friendly ball python.

Vanquished Creatures
  An adder (D:2)
  A dart slug (D:2)
  A leopard gecko (D:1)
  2 ball pythons (D:1)
  2 bats (D:1)
  4 hobgoblins (D:1)
  A jackal (D:1)
  3 kobolds
  A rat (D:1)
16 creatures vanquished.

Vanquished Creatures (collateral kills)
  A ball python (D:1)
  A bat (D:1)
  2 jackals (D:1)
4 creatures vanquished.

Grand Total: 20 creatures vanquished

Notes
Turn   | Place    | Note
-------+----------+-------------------------------------------
     0 | D:1      | tidbits the Demigod Transmuter began the quest for the Orb.
     0 | D:1      | Reached XP level 1. HP: 15/15 MP: 5/5
    26 | D:2      | Reached skill level 1 in Stealth
    35 | D:2      | Reached skill level 2 in Stealth
    35 | D:2      | Reached XP level 2. HP: 5/22 MP: 5/7
    45 | D:1      | Learned a level 2 spell: Sticks to Snakes
   379 | D:1      | Reached skill level 2 in Spellcasting
   525 | D:4      | Noticed a bullfrog
   532 | D:3      | Slain by a bullfrog

Vault maps used:
D:1:      nzn_arrival_crosshair, minmay_misc_feat_doors, columned_hall_lemuel,
          minivault_24
D:3:      uniq_natasha
D:4:      interstate_on_off, nicolae_underground_beach

Skill      XL: |  1  2 |
---------------+-------+-----
Stealth        | 2 |  2.2
Spellcasting   | 2 |  2.0
Fighting       | |  0.8
Dodging        | |  1.7
Unarmed Combat | |  2.9
Transmutations | |  1.7

Action                   || total
-------------------------++-------
Melee: Unarmed           ||    41
       Kick              ||    14
 Cast: Beastly Appendage ||     9
       Sticks to Snakes  ||     5
  Use: Potion            ||     1
Armor: Robe              ||     5
Dodge: Dodged            ||    27

Table legend:
 A = Spawn XP
 B = Non-spawn XP
 C = Spawn XP percentage of total XP
 D = Spawn monster count
 E = Non-spawn monster count
 F = Spawn count percentage of total count
 G = Total turns spent on level
                    A         B        C        D         E        F      G
               +---------+---------+-------+---------+---------+-------+---------
         Total |       0 |      47 |   0.0 |       0 |      20 |   0.0 |   532
               +---------+---------+-------+---------+---------+-------+---------
           D:1 |       0 |      28 |   0.0 |       0 |      17 |   0.0 |   465
           D:2 |       0 |      19 |   0.0 |       0 |       3 |   0.0 |    50
               +---------+---------+-------+---------+---------+-------+---------

Table legend:
 A = Turns spent in this place as a percentage of turns spent in the entire game.
 B = Non-inter-level travel turns spent in this place as a percentage of non-inter-level travel turns spent in the entire game.
 C = Inter-level travel turns spent in this place as a percentage of turns spent in this place.
 D = Turns resting spent in this place as a percentage of non-inter-level travel turns spent in this place.
 E = Turns spent auto-exploring this place as a percentage of non-inter-level travel turns spent in this place.
 F = Non-inter-level travel turns spent in this place divided by the number of levels of this place that you've seen.
                   A       B       C       D       E      F
               +-------+-------+-------+-------+-------+----------------------
         Total | 100.0 | 100.0 |   7.0 |   0.0 |   0.0 | 123.8
       Dungeon | 100.0 | 100.0 |   7.0 |   0.0 |   0.0 | 123.8
               +-------+-------+-------+-------+-------+----------------------

Table legend:
 A = Kills in this place as a percentage of kills in entire the game.
 B = Kills by you in this place as a percentage of kills by you in the entire game.
 C = Kills by friends in this place as a percentage of kills by friends in the entire game.
 D = Other kills in this place as a percentage of other kills in the entire game.
 E = Experience gained in this place as a percentage of experience gained in the entire game.
 F = Experience gained in this place divided by the number of levels of this place that you have seen.
                   A       B       C       D       E      F
               +-------+-------+-------+-------+-------+----------------------
         Total | 100.0 | 100.0 | 100.0 |   N/A | 100.0 |  11.8
       Dungeon | 100.0 | 100.0 | 100.0 |   N/A | 100.0 |  11.8
               +-------+-------+-------+-------+-------+----------------------

Vault maps used:
D:1:      nzn_arrival_crosshair, minmay_misc_feat_doors, columned_hall_lemuel,
          minivault_24
D:3:      uniq_natasha
D:4:      interstate_on_off, nicolae_underground_beach
